Map: Cerulean Fall LE

Players

soul

  • Race: Terran Terran
  • League: Grandmaster
  • Spawn Location: 7:00

LiquidMaNa (MaNa) - Winner!

  • Race: Protoss Protoss
  • League: Grandmaster
  • Spawn Location: 1:00

Event: IEM Season 13 - Katowice Server Qualifiers Europe

VOD

Have the link to the VOD?

Description

Time

  • Played on: Jan. 8, 2019, 9:54 a.m.
  • Length: 6:05

All games in this series

Show
View Real Time Build Order
Export as new Build Order

soul Terran 

Build Orders: Reaper Expand 

Get SALT Encoding   

  12  0:00  SCV  
  13  0:13  SCV  
  14  0:18  Supply Depot  
  14  0:25  SCV  
  15  0:39  SCV  
  15  0:41  Barracks  
  16  0:44  Refinery  
  16  0:51  SCV  
  17  1:04  SCV  
  18  1:16  SCV  
  19  1:28  Reaper, Orbital Command  
  20  1:46  Command Center  
  20  1:57  SCV  
  21  2:01  Barracks  
  21  2:04  Barracks Reactor  
  21  2:09  SCV  
  21  2:12  Supply Depot  
  21  2:15  Refinery  
  22  2:22  SCV  
  23  2:33  Factory  
  23  2:34  SCV  
  24  2:40  Marine x2  
  26  2:46  SCV  
  26  2:48  Barracks Tech Lab  
  27  2:58  Marine x2  
  28  2:59  Orbital Command  
  28  3:00  SCV  
  29  3:08  Marine  
  29  3:12  Stimpack  
  30  3:16  Marine x2  
  31  3:25  SCV  
  31  3:26  Marine  
  33  3:28  SCV  
  33  3:34  Marine  
  32  3:36  Marine  
  34  3:45  Starport  
  33  3:50  Factory Reactor, SCV  
  33  3:54  SCV  
  35  3:57  Marine  
  35  4:01  Marine  
  35  4:02  SCV  
  38  4:06  SCV  
  38  4:08  Marine  
  40  4:14  SCV  
  40  4:15  Marine  
  41  4:18  SCV  
  41  4:19  Marine  
  43  4:25  Marine  
  43  4:26  SCV  
  43  4:30  Supply Depot  
  45  4:32  Marine  
  46  4:39  Supply Depot  
  46  4:51  Marine x2, SCV x2, Medivac x2  
  54  4:53  Supply Depot  
  54  5:00  Marine  
  54  5:02  Supply Depot  
  54  5:03  SCV x2  
  57  5:12  Marine  
  58  5:15  Marine, SCV, Engineering Bay  
  58  5:17  SCV  
  58  5:19  Marine  
  62  5:27  Supply Depot  
  62  5:28  SCV  
  63  5:29  SCV  
  63  5:30  Marine, Refinery  
  63  5:33  Marine  
  58  5:37  Marine  
  58  5:40  SCV  
  58  5:41  SCV  
  51  5:52  SCV  
Show
View Real Time Build Order
Export as new Build Order

LiquidMaNa Protoss - Winner!

Build Orders: 1 Gate Expand, Oracle Opening 

Get SALT Encoding   

  12  0:00  Probe  
  13  0:12  Probe  
  14  0:17  Pylon  
  14  0:24  Probe  
  15  0:32  Probe  
  15  0:38  Gateway  
  15  0:40  Probe  
  16  0:47  Assimilator  
  17  0:51  Probe  
  18  1:03  Probe  
  19  1:15  Probe  
  20  1:24  Nexus  
  20  1:34  Cybernetics Core  
  20  1:36  Probe  
  21  1:43  Assimilator  
  21  1:48  Probe  
  21  1:53  Pylon  
  22  2:00  Probe  
  23  2:02  Adept  
  23  2:13  Probe  
  26  2:21  Stargate  
  26  2:22  Adept  
  26  2:25  Probe  
  29  2:34  Warp Gate  
  29  2:36  Probe  
  31  2:37  Probe  
  31  2:45  Adept, Probe  
  31  2:49  Probe  
  35  2:54  Probe  
  36  3:01  Probe  
  36  3:02  Probe  
  37  3:07  Oracle  
  41  3:13  Probe  
  41  3:14  Probe  
  43  3:25  Probe  
  43  3:27  Probe  
  44  3:39  Probe  
  46  3:43  Gateway  
  46  3:45  Gateway  
  44  3:49  Oracle  
  44  3:52  Pylon  
  46  3:56  Assimilator  
  46  3:58  Assimilator  
  46  3:59  Twilight Council  
  46  4:00  Forge  
  46  4:06  Pylon  
  46  4:10  Probe x2  
  46  4:12  Pylon  
  48  4:21  Probe x2  
  50  4:26  Oracle  
  50  4:29  Probe x2, Pylon  
  50  4:31  Pylon  
  53  4:37  Probe x2  
  55  4:43  Shield Battery  
  57  4:51  Probe x2  
  59  4:57  Sentry  
  61  5:03  Probe  
  61  5:05  Probe  
  63  5:12  Stalker  
  63  5:13  Stalker  
  67  5:15  Pylon  
  67  5:20  Stalker  
  69  5:27  Gateway  
  69  5:29  Pylon  
  69  5:37  Stalker x2  
  73  5:47  Probe  
  73  5:51  Stalker  
  73  5:53  Pylon  
  73  5:54  Pylon  

Tags
 
Add a new tag
Caveats
  • Supply blocks, unpowered buildings, or Contaminate may cause inaccurate times.
  • Supply counts are checked every 10 seconds.